 Dungeon Crawl Stone Soup version 0.20.1-1-g8b1a95d (webtiles) character file.

16 Folque the Magician (level 2, 0/18 HPs)
             Began as an Octopode Wizard on Nov 5, 2017.
             Slain by a giant cockroach (1 damage)
             ... on level 1 of the Dungeon.
             The game lasted 00:02:00 (437 turns).

Folque the Magician (Octopode Wizard)                Turns: 437, Time: 00:02:00

Health: 0/18       AC:  1    Str:  6    XL:     2   Next: 58%
Magic:  1/6        EV: 13    Int: 20    God:
Gold:   0          SH:  0    Dex: 10    Spells: 2/7 levels left

rFire    . . .     SeeInvis .   g - +0 club (curse)
rCold    . . .     Gourm    .   (no shield)
rNeg     . . .     Faith    .   a - +0 hat
rPois    .         Spirit   .   (no amulet)
rElec    .         Reflect  .   (no ring)
rCorr    .         Harm     .   (no ring)
MR       .....                  (no ring)
Stlth    +++.......             (no ring)
Regen    0.1/turn               (no ring)
MPRegen  0.1/turn               (no ring)
                                (no ring)
                                (no ring)

@: lethally poisoned (0 -> -7)
A: almost no armour, stealthy swim, amphibious, 8 rings, constrict 8, camouflage
1, gelatinous body 1
a: no special abilities


You were on level 1 of the Dungeon.
You were not hungry.

You visited 1 branch of the dungeon, and saw 1 of its levels.

Inventory:

Hand Weapons
 g - a cursed +0 club (weapon)
Missiles
 i - 2 javelins (quivered)
Armour
 a - a +0 hat (worn)
Scrolls
 d - a scroll of amnesia {unknown}
Books
 b - a book of Minor Magic

   Spells                             Type                      Level
   a - Magic Dart                     Conjuration                  1
   b - Blink                          Translocation                2
   c - Call Imp                       Summoning                    2
   d - Slow                           Hexes                        2
   e - Conjure Flame                  Conjuration/Fire             3
   f - Mephitic Cloud                 Conjuration/Poison/Air       3
Comestibles
 c - a bread ration
 f - 2 chunks of flesh
 h - 2 fruits
 j - a meat ration


   Skills:
 * Level 1.4 Fighting
 - Level 2.0 Dodging
 - Level 2.6 Stealth
 + Level 3.3 Spellcasting
 - Level 1.0 Conjurations
 - Level 1.0 Summonings
 - Level 1.0 Translocations


You had 2 spell levels left.
You knew the following spells:

 Your Spells              Type           Power        Failure   Level  Hunger
a - Magic Dart            Conj           #...         9%          1    None
b - Call Imp              Summ           #.......     14%         2    ##.....
c - Blink                 Tloc           N/A          14%         2    ##.....


Dungeon Overview and Level Annotations

Branches:
Dungeon (1/15)

Altars:


Innate Abilities, Weirdness & Mutations

You cannot wear most types of armour.
You are very stealthy in the water. (Stealth+)
You are amphibious.
You can wear up to eight rings at the same time.
You can use your tentacles to constrict eight enemies at once.
Your skin changes colour to match your surroundings (Stealth+).
Your rubbery body absorbs attacks. (AC +1, EV +1)


Message History

You hit the kobold.
You kill the kobold!
* * * LOW HITPOINT WARNING * * *
You feel sick. The giant cockroach bites you.
* * * LOW HITPOINT WARNING * * *
You hit the dart slug. You grab the dart slug.
The dart slug is severely wounded.
You constrict the dart slug.
* * * LOW HITPOINT WARNING * * *
You feel sick. The giant cockroach bites you.
* * * LOW HITPOINT WARNING * * *
The dart slug misses you. The giant cockroach bites you.
* * * LOW HITPOINT WARNING * * *
You hit the dart slug but do no damage. You squeeze the dart slug.
You kill the dart slug!
The giant cockroach misses you.
You closely miss the giant cockroach. Your grab misses the giant cockroach.
* * * LOW HITPOINT WARNING * * *
You feel sick. The giant cockroach bites you.
You die...

.# ## .# #. .#.. ##.#.
.... #.. #.)#### #.s@..#
#.# #.###.# #..#.#
########.# #.# #..#.#
#.....##.###.###..#.#
#.###>##..........#.# #.#
#........####.#.#
#.###.####..#.).#.#.#
#####.....###..#.##.#.#.#
#....##.##....###.#...).#


You could see a giant cockroach.

Vanquished Creatures
  2 dart slugs (D:1)
  3 goblins (D:1)
  2 jackals (D:1)
  A bat (D:1)
  A frilled lizard (D:1)
  2 kobolds (D:1)
  A rat (D:1)
12 creatures vanquished.

Notes
Turn   | Place    | Note
-------+----------+-------------------------------------------
     0 | D:1      | Folque the Octopode Wizard began the quest for the Orb.
     0 | D:1      | Reached XP level 1. HP: 11/11 MP: 4/4
    15 | D:1      | Reached skill level 1 in Fighting
   320 | D:1      | Reached XP level 2. HP: 18/18 MP: 6/6
   377 | D:1      | Learned a level 2 spell: Call Imp
   380 | D:1      | Learned a level 2 spell: Blink
   437 | D:1      | Slain by a giant cockroach

Skill      XL: |  1 |
---------------+----+-----
Fighting       | 1 |  1.4
Dodging        | |  2.0
Stealth        | |  2.6
Spellcasting   | |  3.3
Conjurations   | |  1.0
Summonings     | |  1.0
Translocations | |  1.0

Action                   || total
-------------------------++-------
Melee: Unarmed           ||    12
       Tentacles         ||     5
       Constrict         ||     4
       Club              ||    12
 Cast: Magic Dart        ||    12
  Use: Potion            ||     2
       Scroll            ||     1
 Stab: Sleeping          ||     1
Armor: Skin              ||     2
Dodge: Dodged            ||    19
